 Dungeon Crawl Stone Soup version 0.28-a0-983-g1de4e0787c (webtiles) character file.

Game seed: 10302025816000697012

114 geedmat the Grave Robber (level 4, 30/30 HPs)
             Began as a Mummy Necromancer on Nov 28, 2021.
             Quit the game in the Ecumenical Temple on Dec 7, 2021.
             The game lasted 00:21:05 (2817 turns).

geedmat the Grave Robber (Mummy Necromancer)        Turns: 2817, Time: 00:21:06

Health: 30/30      AC:  2    Str: 11    XL:     4   Next: 67%
Magic:  8/8        EV: 12    Int: 15    God:
Gold:   95         SH:  0    Dex: 12    Spells: 3/8 levels left

rFire   x . .      SeeInvis .   b - +0 short sword (venom)
rCold   + . .      Faith    .   (no shield)
rNeg    + + +      Spirit   .   a - +0 robe
rPois   ∞          Reflect  .   (no helmet)
rElec   .          Harm     .   (no cloak)
rCorr   .          Rampage  .   (no gloves)
Will    .....                   (no boots)
Stlth   ++........              (no amulet)
HPRegen 0.10/turn               c - ring of wizardry
MPRegen 0.11/turn               (no ring)

@: no status effects
A: cold resistance 1, negative energy resistance 3, torment resistance 2, heat
vulnerability 1, no potions
a: no special abilities


You were in the Ecumenical Temple.
You visited 2 branches of the dungeon, and saw 5 of its levels.

You collected 95 gold pieces.

Inventory:

Hand Weapons
 b - a +0 short sword of venom (weapon)
Armour
 a - a +0 robe (worn)
Jewellery
 c - a ring of wizardry (left hand)
Scrolls
 d - a scroll of identify
 e - a scroll of noise {unknown}
 f - a scroll of amnesia


   Skills:
 - Level 1.5 Dodging
 - Level 1.5 Stealth
 - Level 2.6 Spellcasting
 * Level 6.1 Necromancy


You had 3 spell levels left.
You knew the following spells:

 Your Spells              Type           Power      Damage    Failure   Level
a - Pain                  Necr           80%        1d8       1%          1
b - Animate Skeleton      Necr           40%        N/A       1%          1
c - Vampiric Draining     Necr           20%        2d7       1%          3

Your spell library contained the following spells:

 Spells                   Type           Power      Damage    Failure   Level
 Ensorcelled Hibernation  Hex/Ice        4%         N/A       12%         2
 Tukima's Dance           Hex            2%         N/A       24%         3
 Animate Dead             Necr           10%        N/A       7%          4
 Agony                    Necr           20%        N/A       19%         5


Dungeon Overview and Level Annotations

Branches:
Dungeon (4/15)             Temple (1/1) D:4

Altars:
Fedhas
Kikubaaqudgha
Trog
Vehumet

Annotations:
D:2 Sigmund
D:3 Grinder


Innate Abilities, Weirdness & Mutations

You are immune to poison.
Your flesh is cold resistant. (rC+)
You are immune to negative energy. (rN+++)
You are immune to unholy pain and torment.
You are vulnerable to heat. (rF-)
You do not drink.


Message History

Aiming: Pain (safe; 1% risk of failure)
Press: ? - help, Shift-Dir - straight line, f/p - ball python
Aim: a ball python (severely wounded, chance to affect: 90%)
The ball python writhes in agony.
You kill the ball python!
You now have 77 gold pieces (gained 10).
You now have 83 gold pieces (gained 6).
Found a staircase to the Ecumenical Temple.
There is an escape hatch in the ceiling here.
You now have 95 gold pieces (gained 12).
You start resting.
Magic restored.
A hobgoblin comes into view.
There is a staircase to the Ecumenical Temple here.
Casting: Pain (safe; 1% risk of failure)
Confirm with . or Enter, or press ? or * to list all spells.
Aiming: Pain (safe; 1% risk of failure)
Press: ? - help, Shift-Dir - straight line, f - hobgoblin
Aim: a hobgoblin (asleep, chance to affect: 90%)
The hobgoblin shouts!
The hobgoblin barely resists.
Casting: Pain (safe; 1% risk of failure)
Confirm with . or Enter, or press ? or * to list all spells.
Aiming: Pain (safe; 1% risk of failure)
Press: ? - help, Shift-Dir - straight line, f/p - hobgoblin
Aim: a hobgoblin (chance to affect: 90%)
The hobgoblin writhes in agony.
You kill the hobgoblin!
There is a staircase to the Ecumenical Temple here.
You start resting.
Magic restored.
You climb downwards.
Welcome to the Ecumenical Temple!
Found three altars.
There is a staircase back to the Dungeon here.
There is a blossoming altar of Fedhas here.
There is an ancient bone altar of Kikubaaqudgha here.
There is a bloodstained altar of Trog here.
Welcome back, geedmat the Mummy Necromancer.
Press ? for a list of commands and other information.
Are you sure you want to abandon this character and quit the game? (Confirm with "yes".)

#### ####
...#####...
#...#...#
#.....#
##.._..##
#.......#
##._..._.##
###.......@.###
#.............#
#######<#######
###


There were no monsters in sight!

Vanquished Creatures
  6 adders
  2 worms (D:2)
  2 dart slugs
  5 bats
  3 endoplasms
  3 giant cockroaches
  2 goblins
  4 hobgoblins
  4 jackals (D:2)
  A quokka (D:3)
  8 ball pythons
  2 frilled lizards (D:1)
  6 kobolds
  4 rats
52 creatures vanquished.

Vanquished Creatures (collateral kills)
  A goblin (D:2)
  A bat (D:1)
2 creatures vanquished.

Grand Total: 54 creatures vanquished

Notes
Turn   | Place    | Note
-------+----------+-------------------------------------------
     0 | D:1      | geedmat the Mummy Necromancer began the quest for the Orb.
     0 | D:1      | Reached XP level 1. HP: 13/13 MP: 4/4
    20 | D:1      | Learned a level 1 spell: Animate Skeleton
   227 | D:1      | Reached XP level 2. HP: 16/19 MP: 1/5
   612 | D:1      | Found a faded altar of an unknown god.
   972 | D:2      | Reached skill level 5 in Necromancy
   972 | D:2      | Reached XP level 3. HP: 15/24 MP: 0/7
  1087 | D:2      | Learned a level 3 spell: Vampiric Draining
  1117 | D:2      | Noticed Sigmund
  1527 | D:2      | Reached XP level 4. HP: 22/30 MP: 3/8
  1994 | D:3      | Reached skill level 6 in Necromancy
  2050 | D:3      | Found a radiant altar of Vehumet.
  2068 | D:3      | Upgraded the game from 0.28-a0-932-g843f935a50 to
                  | 0.28-a0-983-g1de4e0787c
  2347 | D:3      | Noticed Grinder
  2353 | D:3      | Paralysed by Grinder for 7 turns
  2358 | D:3      | HP: 1/30 [Grinder (3)]
  2372 | D:3      | Paralysed by Grinder for 2 turns
  2769 | D:4      | Found a staircase to the Ecumenical Temple.
  2806 | Temple   | Entered the Ecumenical Temple
  2817 | Temple   | Quit the game

Illustrated notes

Levels and vault maps discovered:
D:1:      enne_arrival_octagon_isle, layout_rooms,
          chequers_ecumenical_altar_simple_redux, minmay_misc_feat_rugged,
          minmay_splitting_lines
D:2:      layout_basic, dk_noncrumbling_2, uniq_sigmund
D:3:      layout_loops_ring, vehumet_crystals, minmay_strange_pillars,
          uniq_grinder
D:4:      layout_gridville, minmay_temple_entry_arrows, uniq_pikel
Temple:   kb_temple_of_zot

Skill      XL: |  1  2  3  4 |
---------------+-------------+-----
Necromancy     | 5 6 |  6.1
Dodging        | |  1.5
Stealth        | |  1.5
Spellcasting   | |  2.6

Action                   |  1- 3 |  4- 6 || total
-------------------------+-------+-------++-------
Melee: Short sword       |    20 |    18 ||    38
 Cast: Pain              |    60 |    41 ||   101
       Animate Skeleton  |    11 |     3 ||    14
       Vampiric Draining |     1 |       ||     1
  Use: Scroll            |       |     1 ||     1
 Stab: Sleeping          |       |     1 ||     1
Armor: Robe              |    12 |     6 ||    18
Dodge: Dodged            |    39 |    15 ||    54

Table legend: (Time is in decaauts)
 A = Elapsed time spent in this place.
 B = Non-inter-level travel time spent in this place.
 C = Inter-level travel time spent in this place.
 D = Time resting spent in this place.
 E = Time spent auto-exploring this place.
 F = Levels seen in this place.
 G = Mean time per level.
                   A        B        C        D        E       F      G
               +--------+--------+--------+--------+--------+-----+--------+
         Total |   2824 |   2742 |     82 |   1389 |    328 |   5 |  564.8 |
       Dungeon |   2813 |   2731 |     82 |   1389 |    328 |   4 |  703.2 |
        Temple |     10 |     10 |      0 |      0 |      0 |   1 |   10.0 |
               +--------+--------+--------+--------+--------+-----+--------+

Top non-repeatable levels by time:
     D:1: 1156 daAuts
     D:2: 1144 daAuts
     D:3: 464 daAuts
     D:4: 47 daAuts
  Temple: 10 daAuts
